 Dungeon Crawl Stone Soup version 0.30.1-11-g7821555f0a (webtiles) character file.

Game seed: 6422183982798655346

220 jurchenman the Magician (level 5, -2/24 (28) HPs)
             Began as a Deep Elf Fire Elementalist on Nov 28, 2023.
             Slain by a wight
             ... wielding a +1 long sword of venom
              (4 damage)
             ... on level 4 of the Dungeon.
             The game lasted 00:13:14 (3211 turns).

jurchenman the Magician (DEFE)                      Turns: 3211, Time: 00:13:15

HP:   -2/24 (28)    AC:  4    Str:  5    XL:     5   Next: 64%
MP:   13/23         EV: 13    Int: 22    God:
Gold: 130           SH:  0    Dex: 15    Spells: 3/13 levels left

rFire   . . .        r - staff of conjuration
rCold   . . .        (no shield)
rNeg    . . .        a - +0 robe
rPois   .            w - +0 helmet
rElec   .            (no cloak)
rCorr   .            (no gloves)
SInv    .            s - +0 pair of boots
Will    .....        (no amulet)
Stlth   ++           f - ring of magical power
HPRegen 0.24/turn    (no ring)
MPRegen 0.18/turn

%: no passive effects
@: heavily drained
A: no striking features
a: no special abilities


You were on level 4 of the Dungeon.
You visited 1 branch of the dungeon, and saw 4 of its levels.

You collected 130 gold pieces.

Inventory:

Hand Weapons
 g - a +0 hand axe
 h - a +1 dagger
 q - a +2 heavy hand axe
Missiles
 d - 7 poisoned darts
 m - 3 silver boomerangs
Armour
 a - a +0 robe (worn)
 l - a +3 ring mail
 s - a +0 pair of boots (worn)
 w - a +0 helmet (worn)
Magical Staves
 i - a staff of cold
 r - a staff of conjuration (weapon)
Jewellery
 f - a ring of magical power (left hand)
 p - an amulet of guardian spirit
Wands
 o - a wand of flame (15)
Scrolls
 e - 2 scrolls of teleportation
 v - a scroll of magic mapping {unknown}
 y - a scroll of poison
Potions
 b - a potion of magic
 c - a potion of berserk rage
 j - a potion of heal wounds
 k - 3 potions of brilliance
 n - a potion of cancellation
 u - a potion of haste
 x - a potion of attraction {unknown}


   Skills:
 + Level 2.7 Dodging
 - Level 2.4 Stealth
 + Level 4.7 Spellcasting
 + Level 3.1 Conjurations
 - Level 3.1 Hexes
 + Level 4.5 Fire Magic


You had 3 spell levels left.
You knew the following spells:

 Your Spells              Type           Power      Damage    Failure   Level
a - Foxfire               Conj/Fire      100%       2x1d9     2%          1
b - Scorch                Fire           50%        2d7       2%          2
c - Inner Flame           Hex/Fire       22%        N/A       6%          3
d - Flame Wave            Conj/Fire      33%        2d10      22%         4

Your spell library contained the following spells:

 Spells                   Type           Power      Damage    Failure   Level
 Shock                    Conj/Air       72%        1d7       5%          1
 Volatile Blastmotes      Fire/Tloc      30%        2d12      12%         3
 Cigotuvi's Dreadful Rot  Necr/Pois/Air  10%        N/A       16%         2
 Ignite Poison            Fire/Tmut/Pois 11%        N/A       17%         3
 Swiftness                Air            5%         N/A       30%         3
 Fireball                 Conj/Fire      16%        3d8       52%         5
 Airstrike                Air            2%         2d(1-17)  71%         4
 Freezing Cloud           Conj/Ice/Air   7%         6-21      88%         5
 Starburst                Conj/Fire      16%        6d6       97%         6
 Plasma Beam              Fire/Air       7%         2x1d20    99%         6


Dungeon Overview and Level Annotations

Branches:
Dungeon (4/15)
 Temple: D:4-7

Altars:
Nemelex Xobeh
Yredelemnul
The Shining One

Shops:
D:1 (


Message History

You kill the adder!
The foxfire hits the howler monkey!
The howler monkey is heavily wounded.
The foxfire hits the howler monkey.
The howler monkey is severely wounded.
Your Conjurations skill increases to level 3!
Casting: Scorch (safe; 2% risk of failure)
Confirm with . or Enter, or press ? or * to list all spells.
You feel a surge of power!
You conjure some foxfire!
The howler monkey hoots and howls with incredible vigour!
The foxfire hits the howler monkey.
You kill the howler monkey!
You hear an angry hiss.
You hear a bark!
Casting: Foxfire (safe; 2% risk of failure)
Confirm with . or Enter, or press ? or * to list all spells.
Flames lash the wight.
The wight is lightly damaged.
The wight's fire resistance burns away.
The foxfire hits the wight.
The wight is burned terribly!
The wight is moderately damaged.
Casting: Scorch (safe; 2% risk of failure)
Confirm with . or Enter, or press ? or * to list all spells.
You feel a surge of power!
You conjure some foxfire!
The wight closely misses you.
Casting: Foxfire (safe; 2% risk of failure)
Confirm with . or Enter, or press ? or * to list all spells.
Flames lash the wight.
The wight is burned terribly!
The wight is severely damaged.
The foxfire hits the wight.
The wight is burned terribly!
The wight is almost destroyed.
The foxfire hits the wight but does no damage.
The wight misses you.
The wight hits you with a +1 long sword of venom!
You feel drained.
You are lethally poisoned!
You feel better. The wight hits you with a +1 scimitar!
You feel drained.
The wight hits you with a +1 long sword of venom!
* * * LOW HITPOINT WARNING * * *
You feel drained.
You die...

...
....##.######.....#
.z.
##..##.#..........#
#.#
#...##.#.##########
#.# #....#.#.#
#######.###......#.##
#....<.?##..........#
#.#####.............#
#.#..z.§....#.#
#K#.)z@§....#.#
#S##.......##.#
..........## .#
..$............#
##.###.######### #.
#.# # #.# ..#


You could see 2 wights.

Vanquished Creatures
  A howler monkey (D:4)
  An iguana (D:4)
  Ijyb (D:3)
  Terence (D:3)
  4 adders
  3 dart slugs
  3 orcs (D:3)
  3 endoplasms
  2 giant cockroaches (D:2)
  11 goblins
  4 hobgoblins
  8 kobolds
  3 quokkas
  4 ball pythons
  5 bats
  A frilled lizard (D:1)
  11 rats
66 creatures vanquished.

Vanquished Creatures (others)
  129 foxfires
129 creatures vanquished.

Grand Total: 195 creatures vanquished

Notes
Turn   | Place    | Note
-------+----------+-------------------------------------------
     0 | D:1      | jurchenman the Deep Elf Fire Elementalist began the quest
                  | for the Orb.
     0 | D:1      | Reached XP level 1. HP: 10/10 MP: 6/6
   206 | D:1      | Reached XP level 2. HP: 9/15 MP: 4/8
   536 | D:1      | Found Axineov's Antique Weapon Shoppe.
   801 | D:1      | Learned a level 2 spell: Scorch
   879 | D:1      | Reached XP level 3. HP: 19/19 MP: 7/10
   907 | D:1      | Learned a level 3 spell: Inner Flame
  1155 | D:1      | Found a sparkling altar of Nemelex Xobeh.
  1475 | D:2      | Reached skill level 1 in Hexes
  2035 | D:3      | Reached XP level 4. HP: 24/24 MP: 10/12
  2054 | D:3      | Learned a level 4 spell: Flame Wave
  2054 | D:3      | Noticed Ijyb
  2066 | D:3      | Killed Ijyb
  2661 | D:3      | Noticed Terence
  2669 | D:3      | Killed Terence
  2670 | D:3      | Reached XP level 5. HP: 28/28 MP: 13/13
  2852 | D:3      | Found a glowing golden altar of the Shining One.
  2855 | D:3      | Noticed an angel
  2872 | D:3      | Found a basalt altar of Yredelemnul.
  2874 | D:3      | Noticed a profane servitor
  3211 | D:4      | Slain by a wight

Illustrated notes

Levels and vault maps discovered:
D:1:      dpeg_arrival_water_altar, layout_loops_ring, serial_shops,
          nicolae_shop_temple_entry_statues_fountains, minmay_rat_gold_closets
D:2:      layout_loops_ring, minmay_worlds_worst_comb
D:3:      layout_rooms, grunt_temple_overflow_holy_war, minmay_goblin_outpost,
          uniq_terence, uniq_ijyb
D:4:      corexii_shack_village, layout_loops_ring

Skill      XL: |  1  2  3  4  5 |
---------------+----------------+-----
Conjurations   | 2 3 |  3.1
Hexes          | 1 2 3 |  3.1
Spellcasting   | 4 |  4.7
Fire Magic     | 4 |  4.5
Dodging        | |  2.7
Stealth        | |  2.4

Action                     |  1- 3 |  4- 6 || total
---------------------------+-------+-------++-------
  Melee: Dagger            |     6 |     3 ||     9
   Cast: Foxfire           |    46 |    29 ||    75
         Scorch            |    14 |     9 ||    23
    Use: Scroll            |     6 |     5 ||    11
         Potion            |       |     1 ||     1
   Stab: Sleeping          |     2 |     1 ||     3
 Armour: Robe              |     5 |     1 ||     6
  Dodge: Dodged            |     8 |     5 ||    13
